AoeStats
← nezbez

Arabia

508754055Analyzed
3v3 RM · 9d ago on Sep 23, 2026· 30m 24s· 6 players
Game mode
Random Map
Map size
Normal (6 player)
Population
200
Speed
Normal
Resources
Standard
Victory
Conquest
Starting age
Dark Age
Ending age
Imperial Age
RankedLock teamsTeams togetherTeam positionsShared explorationLock speedFull tech treeHidden civsTurbo modeCheats
Victory
Defeat
🇹🇷 Franks · Türkiye
1160
+12
🇹🇷 Saracens · Türkiye
1137
+13
🇹🇷 Saxons · Türkiye
1062
+16
🇵🇹 Berbers · Portugal
1120
-16
🇲🇽 Chinese · Mexico
1067
-14
🇺🇸 Danes · United States
1007
-11
Canbo
6:49 Loom
9:09 Feudal Age
9:51 Double-Bit Axe
18:56 Scale Barding Armor
22:19 Castle Age
21:09 Forging
21:14 Gold Mining
23:40 Chain Barding Armor
24:29 Wheelbarrow
25:29 Bow Saw
31:37 Iron Casting
executor4444
6:35 Loom
9:05 Feudal Age
9:09 Man-at-Arms
15:20 Fletching
16:52 Padded Archer Armor
20:36 Wheelbarrow
19:44 Horse Collar
19:58 Double-Bit Axe
25:39 Castle Age
24:12 Scale Mail Armor
24:55 Gold Mining
26:18 Bodkin Arrow
26:51 Leather Archer Armor
26:38 Elite Skirmisher
goddammit
6:36 Loom
9:27 Feudal Age
10:03 Double-Bit Axe
21:11 Castle Age
20:38 Fletching
20:48 Padded Archer Armor
20:29 Horse Collar
21:42 Crossbowman
23:10 Bodkin Arrow
23:38 Bow Saw
24:00 Gold Mining
25:40 Wheelbarrow
25:24 Heavy Plow
27:01 Ballistics
27:54 Leather Archer Armor
30:19 Thumb Ring
31:14 Hand Cart
bixo
6:33 Loom
9:50 Feudal Age
10:27 Double-Bit Axe
11:13 Horse Collar
20:45 Castle Age
22:33 Forging
22:28 Scale Barding Armor
23:05 Bow Saw
25:22 Bloodlines
28:34 Heavy Plow
29:08 Husbandry
30:25 Wheelbarrow
29:35 Town Watch
nezbez
8:08 Loom
10:18 Feudal Age
10:58 Double-Bit Axe
10:55 Man-at-Arms
16:05 Wheelbarrow
16:50 Scale Mail Armor
28:51 Castle Age
27:08 Arson
27:47 Forging
28:02 Gold Mining
Barbeituss
0:49 Loom
9:46 Feudal Age
10:56 Double-Bit Axe
17:00 Fletching
24:53 Castle Age
23:35 Gold Mining
25:01 Crossbowman
25:28 Horse Collar
26:28 Bodkin Arrow
28:58 Padded Archer Armor
Connection lost

Rejoining the realm…

Still unreachable

The connection could not be restored.

Session expired

The server has moved on; the page needs a fresh start.